% Time on Ice - UTAH ICE BEARS
Lines # - Real PCT - Wanted PCT - Time Play
Normal Forward
1 - 32% - 36% - 15:30
2 - 31% - 31% - 14:44
3 - 24% - 23% - 11:41
4 - 13% - 10% - 6:11
Normal Defense
1 - 35% - 36% - 16:50
2 - 35% - 31% - 16:39
3 - 26% - 23% - 12:21
4 - 5% - 10% - 2:16
PP Forward
1 - 42% - 55% - 1:39
2 - 58% - 45% - 2:19
PP Defense
1 - 42% - 55% - 1:39
2 - 58% - 45% - 2:19
PK Forward
1 - 62% - 55% - 3:43
2 - 38% - 45% - 2:14
PK Defense
1 - 42% - 55% - 2:29
2 - 58% - 45% - 3:28
PK3 Forward
1 - 0% - 55%
2 - 0% - 45%
PK3 Defense
1 - 0% - 55%
2 - 0% - 45%
44 Forward
1 - 67% - 55% - 1:20
2 - 33% - 45% - 0:39
44 Defense
1 - 33% - 55% - 0:39
2 - 67% - 45% - 1:20
Last Minute Offensive  - 0:00
Last Minute Defensive  - 0:00
Total
Forward - 60:00
Defense - 60:00
% Time on Ice - ANCHORAGE ACES
Lines # - Real PCT - Wanted PCT - Time Play
Normal Forward
1 - 36% - 37% - 17:08
2 - 36% - 33% - 17:15
3 - 20% - 20% - 9:37
4 - 9% - 10% - 4:06
Normal Defense
1 - 37% - 36% - 17:38
2 - 34% - 31% - 16:29
3 - 26% - 23% - 12:29
4 - 3% - 10% - 1:30
PP Forward
1 - 52% - 55% - 3:07
2 - 48% - 45% - 2:50
PP Defense
1 - 59% - 55% - 3:29
2 - 41% - 45% - 2:28
PK Forward
1 - 62% - 55% - 2:28
2 - 38% - 45% - 1:30
PK Defense
1 - 59% - 55% - 2:20
2 - 41% - 45% - 1:38
PK3 Forward
1 - 0% - 55%
2 - 0% - 45%
PK3 Defense
1 - 0% - 55%
2 - 0% - 45%
44 Forward
1 - 70% - 55% - 1:23
2 - 30% - 45% - 0:36
44 Defense
1 - 30% - 55% - 0:36
2 - 70% - 45% - 1:23
Last Minute Offensive  - 0:00
Last Minute Defensive  - 0:00
Total
Forward - 60:00
Defense - 60:00
Play-by-Play 1st period 0:01 of 1st period - Artem Anisimov wins face-off versus Connor McDavid in neutral zone. 0:17 of 1st period - Off-side. 0:18 of 1st period - Phillip Danault wins face-off versus Alex Galchenyuk in neutral zone. 0:57 of 1st period - Shot by Phillip Danault. 0:57 of 1st period - Stopped by Thatcher Demko with a rebound. 1:18 of 1st period - Off-side. 1:19 of 1st period - Nathan MacKinnon wins face-off versus Robert Lantosi in neutral zone. 1:46 of 1st period - Shot by Nikolaj Ehlers. 1:46 of 1st period - Shot Misses the Net. 2:02 of 1st period - Shot by Nathan MacKinnon. 2:02 of 1st period - Stopped by Thatcher Demko without a rebound. 2:03 of 1st period - Kyle Okposo wins face-off versus Curtis Lazar in UTAH ICE BEARS zone. 2:22 of 1st period - Shot by Cal Clutterbuck. 2:22 of 1st period - Stopped by Thatcher Demko with a rebound. 2:24 of 1st period - Shot by Shea Weber. 2:24 of 1st period - Deflect By Artturi Lehkonen. 2:24 of 1st period - Stopped by Thatcher Demko without a rebound. 2:25 of 1st period - Jacob de la Rose wins face-off versus Ross Colton in UTAH ICE BEARS zone. 2:26 of 1st period - Shot by Nate Thompson. 2:26 of 1st period - Shot Misses the Net. 2:31 of 1st period - Minor Penalty to Jacob de la Rose for Holding. 2:32 of 1st period - Phillip Danault wins face-off versus Alex Galchenyuk in ANCHORAGE ACES zone. 2:32 of 1st period - Phillip Danault is hit by Alex Galchenyuk. 2:58 of 1st period - Icing by Radim Simek. 2:59 of 1st period - Alex Galchenyuk wins face-off versus Nate Thompson in UTAH ICE BEARS zone. 3:05 of 1st period - Radim Simek is hit by Cal Clutterbuck and loses puck. 3:55 of 1st period - Shot by Alexander Edler. 3:55 of 1st period - Stopped by Carey Price without a rebound. 3:56 of 1st period - Blake Lizotte wins face-off versus Jakob Silfverberg in ANCHORAGE ACES zone. 4:17 of 1st period - Shot by Alexander Edler. 4:17 of 1st period - Shot Misses the Net. 4:35 of 1st period - Icing by Seth Jones. 4:36 of 1st period - Connor McDavid wins face-off versus Ross Colton in ANCHORAGE ACES zone. 4:44 of 1st period - Shot by Nikolaj Ehlers. 4:44 of 1st period - Stopped by Thatcher Demko without a rebound. 4:45 of 1st period - Connor McDavid wins face-off versus Alex Galchenyuk in UTAH ICE BEARS zone. 4:48 of 1st period - Shot by Nathan MacKinnon. 4:48 of 1st period - Stopped by Thatcher Demko with a rebound. 4:50 of 1st period - Shot by Nikolaj Ehlers. 4:50 of 1st period - Shot Misses the Net. 5:22 of 1st period - Shot by Nathan MacKinnon. 5:22 of 1st period - Stopped by Thatcher Demko without a rebound. 5:23 of 1st period - Artem Anisimov wins face-off versus Phillip Danault in UTAH ICE BEARS zone. 5:35 of 1st period - Icing by Phillip Danault. 5:36 of 1st period - Blake Lizotte wins face-off versus Phillip Danault in ANCHORAGE ACES zone. 5:44 of 1st period - Shot by Valentin Zykov. 5:44 of 1st period - Stopped by Carey Price with a rebound. 5:57 of 1st period - Icing by Radim Simek. 5:58 of 1st period - Curtis Lazar wins face-off versus Blake Lizotte in UTAH ICE BEARS zone. 6:38 of 1st period - Curtis Lazar is hit by Nicholas Paul and loses puck. 7:48 of 1st period - Kyle Okposo is hit by Phillip Danault and loses puck. 8:21 of 1st period - Shot by Troy Stecher. 8:21 of 1st period - Stopped by Carey Price without a rebound. 8:22 of 1st period - Jacob de la Rose wins face-off versus Ross Colton in ANCHORAGE ACES zone. 9:47 of 1st period - Shot by Nathan MacKinnon. 9:47 of 1st period - Goal by Nathan MacKinnon - UTAH ICE BEARS : 0 - ANCHORAGE ACES : 1. 9:48 of 1st period - Phillip Danault wins face-off versus Blake Lizotte in neutral zone. 10:00 of 1st period - Blake Lizotte is hit by Shea Weber. 10:10 of 1st period - Shot by Blake Lizotte. 10:10 of 1st period - Shot Misses the Net. 10:18 of 1st period - Shot by Phillip Danault. 10:18 of 1st period - Deflect By Chris Kreider. 10:18 of 1st period - Shot Blocked by Alexander Edler. 10:20 of 1st period - Shot by Jakob Silfverberg. 10:20 of 1st period - Stopped by Thatcher Demko without a rebound. 10:21 of 1st period - Connor McDavid wins face-off versus Ross Colton in UTAH ICE BEARS zone. 10:27 of 1st period - Connor McDavid is hit by Radim Simek and loses puck. 10:40 of 1st period - Nikolaj Ehlers is hit by Nathan Walker and loses puck. 12:17 of 1st period - Nicholas Paul is hit by Chris Kreider and loses puck. 12:41 of 1st period - Artem Anisimov is hit by Seth Jones and loses puck. 12:49 of 1st period - Minor Penalty to Shea Weber for Tripping. 12:50 of 1st period - Blake Lizotte wins face-off versus Jacob de la Rose in ANCHORAGE ACES zone. 14:41 of 1st period - Icing by Alex Galchenyuk. 14:42 of 1st period - Alex Galchenyuk wins face-off versus Phillip Danault in UTAH ICE BEARS zone. 15:34 of 1st period - Icing by T.J. Brodie. 15:35 of 1st period - Jacob de la Rose wins face-off versus Blake Lizotte in UTAH ICE BEARS zone. 15:36 of 1st period - Shot by Nate Thompson. 15:36 of 1st period - Deflect By Michael Frolik. 15:36 of 1st period - Shot Misses the Net. 15:38 of 1st period - Shot by Seth Jones. 15:38 of 1st period - Stopped by Thatcher Demko without a rebound. 15:39 of 1st period - Curtis Lazar wins face-off versus Artem Anisimov in UTAH ICE BEARS zone. 15:45 of 1st period - Icing by Radim Simek. 15:46 of 1st period - Artem Anisimov wins face-off versus Phillip Danault in UTAH ICE BEARS zone. 16:20 of 1st period - Icing by Artem Anisimov. 16:21 of 1st period - Artem Anisimov wins face-off versus Connor McDavid in UTAH ICE BEARS zone. 16:21 of 1st period - Artem Anisimov is hit by Nikolaj Ehlers. 16:56 of 1st period - Shot by Alex Galchenyuk. 16:56 of 1st period - Deflect By Zachary Sanford. 16:56 of 1st period - Stopped by Carey Price without a rebound. 16:57 of 1st period - Phillip Danault wins face-off versus Blake Lizotte in ANCHORAGE ACES zone. 17:12 of 1st period - Shot by Jakob Silfverberg. 17:12 of 1st period - Stopped by Thatcher Demko without a rebound. 17:13 of 1st period - Curtis Lazar wins face-off versus Alex Galchenyuk in UTAH ICE BEARS zone. 17:50 of 1st period - Shot by Cal Clutterbuck. 17:50 of 1st period - Shot Misses the Net. 18:18 of 1st period - Shot by Nathan MacKinnon. 18:18 of 1st period - Shot Misses the Net. 18:35 of 1st period - Icing by Troy Stecher. 18:36 of 1st period - Alex Galchenyuk wins face-off versus Phillip Danault in UTAH ICE BEARS zone. 19:11 of 1st period - Shot by Jakob Silfverberg. 19:11 of 1st period - Stopped by Thatcher Demko with a rebound. 19:53 of 1st period - Blake Lizotte is hit by Ben Chiarot and loses puck. Goals for this period are 0 for UTAH ICE BEARS vs 1 for ANCHORAGE ACES. Shots for this period are 4 for UTAH ICE BEARS vs 12 for ANCHORAGE ACES. 2nd period 0:01 of 2nd period - Artem Anisimov wins face-off versus Connor McDavid in neutral zone. 0:27 of 2nd period - Minor Penalty to Shea Weber for Close Hand On Puck. 0:27 of 2nd period - Minor Penalty to Kyle Okposo for Hooking. 0:28 of 2nd period - Connor McDavid wins face-off versus Blake Lizotte in ANCHORAGE ACES zone. 0:53 of 2nd period - Shot by Nathan MacKinnon. 0:53 of 2nd period - Shot Misses the Net. 0:59 of 2nd period - Shot by Connor McDavid. 0:59 of 2nd period - Shot Misses the Net. 1:01 of 2nd period - Shot by Nathan MacKinnon. 1:01 of 2nd period - Stopped by Thatcher Demko without a rebound. 1:02 of 2nd period - Nikolaj Ehlers wins face-off versus Ross Colton in UTAH ICE BEARS zone. 1:05 of 2nd period - Shot by Nikolaj Ehlers. 1:05 of 2nd period - Stopped by Thatcher Demko with a rebound. 1:07 of 2nd period - Shot by Artturi Lehkonen. 1:07 of 2nd period - Shot Blocked by T.J. Brodie. 1:13 of 2nd period - Shot by Nikolaj Ehlers. 1:13 of 2nd period - Shot Misses the Net. 1:15 of 2nd period - Shot by Artturi Lehkonen. 1:15 of 2nd period - Deflect By Nikolaj Ehlers. 1:15 of 2nd period - Shot Blocked by Alexander Edler. 1:17 of 2nd period - Shot by Zachary Werenski. 1:17 of 2nd period - Shot Blocked by Alexander Edler. 1:19 of 2nd period - Shot by Nikolaj Ehlers. 1:19 of 2nd period - Shot Blocked by T.J. Brodie. 1:33 of 2nd period - Shot by Nikolaj Ehlers. 1:33 of 2nd period - Shot Misses the Net. 1:35 of 2nd period - Shot by Zachary Werenski. 1:35 of 2nd period - Shot Blocked by T.J. Brodie. 1:37 of 2nd period - Shot by Nikolaj Ehlers. 1:37 of 2nd period - Goal by Nikolaj Ehlers - UTAH ICE BEARS : 0 - ANCHORAGE ACES : 2. 1:38 of 2nd period - Blake Lizotte wins face-off versus Nathan MacKinnon in neutral zone. 1:47 of 2nd period - Icing by Connor McDavid. 1:48 of 2nd period - Connor McDavid wins face-off versus Blake Lizotte in ANCHORAGE ACES zone. 2:29 of 2nd period - Alexander Edler is hit by Cal Clutterbuck and loses puck. 3:04 of 2nd period - Icing by Alexander Edler. 3:05 of 2nd period - Phillip Danault wins face-off versus Adam Mascherin in UTAH ICE BEARS zone. 3:38 of 2nd period - Shot by Chris Kreider. 3:38 of 2nd period - Stopped by Thatcher Demko with a rebound. 4:08 of 2nd period - Shot by Nikolaj Ehlers. 4:08 of 2nd period - Stopped by Thatcher Demko without a rebound. 4:09 of 2nd period - Kyle Okposo wins face-off versus Connor McDavid in UTAH ICE BEARS zone. 4:26 of 2nd period - Shot by Connor McDavid. 4:26 of 2nd period - Stopped by Thatcher Demko without a rebound. 4:27 of 2nd period - Jacob de la Rose wins face-off versus Blake Lizotte in UTAH ICE BEARS zone. 4:40 of 2nd period - Shot by Valentin Zykov. 4:40 of 2nd period - Stopped by Carey Price with a rebound. 4:42 of 2nd period - Shot by Blake Lizotte. 4:42 of 2nd period - Stopped by Carey Price without a rebound. 4:43 of 2nd period - Connor McDavid wins face-off versus Artem Anisimov in ANCHORAGE ACES zone. 5:43 of 2nd period - Shot by Artturi Lehkonen. 5:43 of 2nd period - Stopped by Thatcher Demko without a rebound. 5:44 of 2nd period - Phillip Danault wins face-off versus Blake Lizotte in UTAH ICE BEARS zone. 5:51 of 2nd period - Shot by Chris Kreider. 5:51 of 2nd period - Shot Misses the Net. 6:05 of 2nd period - Shot by Blake Lizotte. 6:05 of 2nd period - Deflect By Robert Lantosi. 6:05 of 2nd period - Stopped by Carey Price with a rebound. 6:07 of 2nd period - Shot by Robert Lantosi. 6:07 of 2nd period - Deflect By Blake Lizotte. 6:07 of 2nd period - Shot Misses the Net. 6:25 of 2nd period - Shot by Chris Kreider. 6:25 of 2nd period - Shot Misses the Net. 6:36 of 2nd period - Icing by Ben Chiarot. 6:37 of 2nd period - Ross Colton wins face-off versus Phillip Danault in ANCHORAGE ACES zone. 7:14 of 2nd period - Minor Penalty to Alexander Edler for Slashing. 7:15 of 2nd period - Nathan MacKinnon wins face-off versus Nicholas Paul in UTAH ICE BEARS zone. 7:24 of 2nd period - Shot by Nathan MacKinnon. 7:24 of 2nd period - Shot Misses the Net. 7:41 of 2nd period - Artturi Lehkonen is hit by Conor Timmins and loses puck. 7:48 of 2nd period - Shot by Shea Weber. 7:48 of 2nd period - Stopped by Thatcher Demko with a rebound. 7:50 of 2nd period - Shot by Shea Weber. 7:50 of 2nd period - Shot Misses the Net. 8:02 of 2nd period - Shot by Artturi Lehkonen. 8:02 of 2nd period - Deflect By Nathan MacKinnon.